 Dungeon Crawl Stone Soup version 0.27.0-1-g7a089689b8 (webtiles) character file.

Game seed: 14643354399734070276

190 bnorton916 the Conjurer (level 5, -1/28 HPs)
             Began as a Deep Elf Conjurer on Aug 16, 2021.
             Was an Initiate of Sif Muna.
             Slain by a gnoll (13 damage)
             ... on level 4 of the Dungeon.
             The game lasted 00:03:45 (3811 turns).

bnorton916 the Conjurer (Deep Elf Conjurer)         Turns: 3811, Time: 00:03:46

Health: -1/28      AC:  3    Str: 10    XL:     5   Next: 41%
Magic:  4/15       EV: 12    Int: 24    God:    Sif Muna [......]
Gold:   114        SH:  5    Dex: 13    Spells: 12/15 levels left

rFire    . . .     SeeInvis .   (no weapon)
rCold    + . .     Faith    .   (no shield)
rNeg     . . .     Spirit   .   a - +0 robe
rPois    .         Reflect  +   x - +0 helmet
rElec    .         Harm     .   (no cloak)
rCorr    .         Rampage  .   (no gloves)
Will     .....                  (no boots)
Stlth    ++........             t - amulet of reflection
HPRegen  0.09/turn              d - +6 ring of strength
MPRegen  0.14/turn              w - ring of protection from cold

@: very slightly contaminated
A: no striking features
a: Renounce Religion


You were on level 4 of the Dungeon.
You worshipped Sif Muna.
Sif Muna was noncommittal.
You visited 2 branches of the dungeon, and saw 5 of its levels.

You collected 114 gold pieces.

Inventory:

Missiles
 n - a throwing net
 o - 56 stones
Armour
 a - a +0 robe (worn)
 e - a +0 buckler
 x - a +0 helmet (worn)
Jewellery
 d - a +6 ring of strength (left hand)
 t - an amulet of reflection (around neck)
 w - a ring of protection from cold (right hand)
Wands
 u - a wand of iceblast (9)
Scrolls
 b - 2 scrolls of fog {unknown}
 c - a scroll of vulnerability {unknown}
 f - a scroll of identify {unknown}
 g - 2 scrolls of teleportation {unknown}
 h - a scroll of magic mapping {unknown}
 j - a scroll of summoning {unknown}
 k - a scroll of holy word {unknown}
 l - a scroll of immolation {unknown}
 p - 5 scrolls of amnesia {unknown}
 s - a scroll of blinking {unknown}
 v - 2 scrolls of enchant weapon {unknown}
Potions
 i - 2 potions of heal wounds {unknown}
 m - 2 potions of magic {unknown}
 q - a potion of curing {unknown}
 r - a potion of might {unknown}


   Skills:
 - Level 2.4 Dodging
 - Level 2.4 Stealth
 + Level 5.8 Spellcasting
 + Level 6.1 Conjurations


You had 12 spell levels left.
You knew the following spells:

 Your Spells              Type           Power      Damage    Failure   Level
a - Magic Dart            Conj           100%       1d8       1%          1
b - Searing Ray           Conj           72%        3d6       1%          2

Your spell library contained the following spells:

 Spells                   Type           Power      Damage    Failure   Level
 Dazzling Flash           Conj/Hex       42%        N/A       7%          3
 Beastly Appendage        Tmut           12%        N/A       9%          1
 Wereblood                Tmut           6%         N/A       12%         2
 Fulminant Prism          Conj/Hex       10%        3d9       22%         4
 Iskenderun's Mystic Bla  Conj/Tloc      21%        2d6       22%         4
 Spider Form              Tmut/Pois      3%         N/A       24%         3
 Summon Guardian Golem    Hex/Summ       6%         N/A       24%         3
 Cause Fear               Hex            3%         N/A       63%         4
 Orb of Destruction       Conj           18%        9d8       99%         7
 Dragon Form              Tmut           3%         N/A       100%        7
 Spellforged Servitor     Conj/Summ      10%        N/A       100%        7
 Dragon's Call            Summ           3%         N/A       100%        9


Dungeon Overview and Level Annotations

Branches:
Dungeon (4/15)             Temple (1/1) D:4

Altars:
Dithmenos
Elyvilon
Hepliaklqana
Kikubaaqudgha
Okawaru
Qazlal
Ru
Sif Muna
Trog
Wu Jian
Xom
Yredelemnul
Lugonu


Message History

You are very lightly contaminated with residual magic.
Nothing appears to happen.
The gnoll barely misses you. The gnoll closely misses you.
A gnoll comes into view. It is wielding a +0 spear.
The gnoll closely misses you.
Unknown command.
Casting: Searing Ray (safe; 1% risk of failure)
Confirm with . or Enter, or press ? or * to list all spells.
Aiming: Searing Ray (safe; 1% risk of failure)
Press: ? - help, Shift-Dir - straight line, f - gnoll, p - gnoll
Aim: a gnoll, wielding a +0 spear (83% to hit)
The searing ray hits the gnoll!
You kill the gnoll!
Sif Muna accepts your kill.
The searing ray hits the gnoll!
The gnoll is severely wounded. (Press . to maintain the ray.)
The gnoll closely misses you.
The searing ray hits the gnoll!
You kill the gnoll!
Sif Muna accepts your kill.
Unknown command.
You start resting.
A gnoll comes into view. It is wielding a +0 halberd.
A gnoll is nearby!
A gnoll is nearby!
A gnoll is nearby!
Casting: Searing Ray (safe; 1% risk of failure)
Confirm with . or Enter, or press ? or * to list all spells.
Aiming: Searing Ray (safe; 1% risk of failure)
Press: ? - help, Shift-Dir - straight line, f - gnoll
Aim: a gnoll, wielding a +0 halberd (83% to hit)
The searing ray misses the gnoll. (Press . to maintain the ray.)
The gnoll hits you from afar with a +0 halberd.
Unknown command.
The searing ray hits the gnoll!
The gnoll is severely wounded.
The gnoll hits you from afar with a +0 halberd!
You die...

#.# #.###### #.####......#
#..)))......# #######.....#
## #...........# .#
............. ############g#
##...........
#..........#)#..............
#.#>.......@................
#..........#.#.##...........
#...##.....#.# #...........
#..........#.# #.....<.....
#......##.##.# ...........
#............. ..........
#..#.#######.# ..........
#............# ..........
#.###...#### ..........


You could see a gnoll.

Vanquished Creatures
  An iguana (D:4)
  An orc wizard (D:4)
  4 adders
  2 gnolls (D:4)
  2 worms
  A dart slug (D:4)
  5 orcs (D:4)
  8 ball pythons
  7 endoplasms
  4 giant cockroaches
  7 hobgoblins
  6 jackals
  A quokka (D:1)
  9 bats
  2 frilled lizards (D:3)
  3 goblins
  5 kobolds
  3 rats (D:1)
71 creatures vanquished.

Notes
Turn   | Place    | Note
-------+----------+-------------------------------------------
     0 | D:1      | bnorton916 the Deep Elf Conjurer began the quest for the
                  | Orb.
     0 | D:1      | Reached XP level 1. HP: 10/10 MP: 6/6
   365 | D:1      | Reached XP level 2. HP: 15/15 MP: 1/8
   433 | D:1      | Found a faded altar of an unknown god.
  1089 | D:2      | Reached skill level 5 in Conjurations
  1089 | D:2      | Reached XP level 3. HP: 19/19 MP: 7/10
  1092 | D:2      | Learned a level 2 spell: Searing Ray
  1949 | D:3      | Found an ornate altar of the Wu Jian Council.
  2037 | D:3      | Reached XP level 4. HP: 24/24 MP: 8/12
  2365 | D:3      | Found a white marble altar of Elyvilon.
  2574 | D:3      | Reached skill level 5 in Spellcasting
  2613 | D:3      | Found a hazy altar of Hepliaklqana.
  2729 | D:3      | Found an ancient bone altar of Kikubaaqudgha.
  3148 | D:4      | Reached XP level 5. HP: 28/28 MP: 10/14
  3517 | D:4      | Found a staircase to the Ecumenical Temple.
  3561 | D:4      | Reached skill level 6 in Conjurations
  3577 | Temple   | Entered the Ecumenical Temple
  3714 | Temple   | Became a worshipper of Sif Muna the Loreminder
  3811 | D:4      | Slain by a gnoll

Illustrated notes

Levels and vault maps discovered:
D:1:      wander_arrival_lonely_grave, layout_basic, basic_ecumenical_altar,
          serial_park_tiny_2
D:2:      layout_rooms, minmay_tree_intersection, grunt_ministairs_14,
          chequers_serial_rivers_room_a, chequers_decorated_corner,
          chequers_serial_rivers_small_a, roderic_serpentine_path,
          feat_on_display
D:3:      layout_loops_ring, nzn_hepliaklqana_mist_gate,
          kiku_gazebo_garden_becter, elyvilon_altar_3,
          mainiacjoe_overflow_concentric_impassable, minmay_surrounded
D:4:      layout_basic, minmay_temple_entry_gardened_gates,
          kennysheep_small_spiral
Temple:   corrupted_temple

Skill      XL: |  1  2  3  4  5 |
---------------+----------------+-----
Spellcasting   | 4 5 |  5.8
Conjurations   | 5 6 |  6.1
Dodging        | |  2.4
Stealth        | |  2.4

Action                   |  1- 3 |  4- 6 || total
-------------------------+-------+-------++-------
 Cast: Magic Dart        |    88 |    52 ||   140
       Searing Ray       |       |     5 ||     5
Armor: Robe              |     1 |     2 ||     3
Dodge: Dodged            |     3 |     4 ||     7
